 Dungeon Crawl Stone Soup version 0.17-b1-15-g0f5fb43 (webtiles) character file.

240 Eucla the Skirmisher (level 5, -1/47 HPs)
             Began as a Draconian Berserker on Nov 7, 2015.
             Was a Believer of Trog.
             Killed by nerve-wracking pain
             ... invoked by Grinder
              (11 damage)
             ... while paralysed by Grinder
             ... on level 3 of the Dungeon.
             The game lasted 00:02:08 (1354 turns).

Eucla the Skirmisher (Draconian Berserker)          Turns: 1354, Time: 00:02:09

Health: -1/47      AC:  5    Str: 19    XL:     5   Next: 79%
Magic:  5/5        EV:  2    Int:  7    God:    Trog [**....]
Gold:   43         SH:  0    Dex: 12    Spells: 0 memorised, 4 levels left

rFire  . . .     SeeInvis .     a - +0 hand axe
rCold  . . .     Clarity  .     (armour unavailable)
rNeg   . . .     SustAt   .     (no shield)
rPois  .         Gourm    .     (helmet restricted)
rElec  .         Spirit   .     (no cloak)
rCorr  .         Warding  .     (no gloves)
rMut   .         Stasis   .     (no boots)
MR     .....                    (no amulet)
Stlth  +.........               (no ring)
                                (no ring)

@: paralysed, not resistant to hostile enchantments, very unstealthy
A: unfitting armour, cold-blooded, AC +5
a: Berserk, Trog's Hand, Burn Spellbooks, Renounce Religion


You were on level 3 of the Dungeon.
You worshipped Trog.
Trog was pleased with you.
You were not hungry.

You visited 1 branch of the dungeon, and saw 3 of its levels.

You collected 43 gold pieces.

Inventory:

Hand Weapons
 a - a +0 hand axe (weapon)
Scrolls
 c - 2 scrolls of remove curse {unknown}
 d - 4 scrolls of identify {unknown}
 e - a scroll of blinking {unknown}
 h - a scroll of teleportation {unknown}
Potions
 f - 3 potions of haste {unknown}
Books
 g - a book of the Tempests

   Spells                             Type                      Level
   a - Static Discharge               Conjuration/Air              3
   b - Lightning Bolt                 Conjuration/Air              5
   c - Fireball                       Conjuration/Fire             5
   d - Tornado                        Air                          9
   e - Shatter                        Earth                        9
   Trog disapproves of the use of such an item.
Comestibles
 b - 2 bread rations
 i - a chunk of flesh


   Skills:
 + Level 4.8 Fighting
 + Level 4.5 Axes
 + Level 4.1 Dodging


You had 4 spell levels left.
You didn't know any spells.

Dungeon Overview and Level Annotations

Branches:
Dungeon (3/15)

Altars:
Ashenzari
Dithmenos
Qazlal
Sif Muna
Trog
Zin

Annotations:
D:3 Grinder


Innate Abilities, Weirdness & Mutations

Your plain brown scales are hard (AC +5).
Your body does not fit into most forms of armour.
You are cold-blooded and may be slowed by cold attacks.


Message History

Grinder hits you.
You writhe in agony.
You hit Grinder.
Grinder is moderately wounded.
The kobold throws a stone.
The stone barely misses you.
The stone misses Grinder.
Grinder closely misses you.
You closely miss Grinder.
Grinder is moderately wounded.
Grinder gestures at you.
You suddenly lose the ability to move!
The kobold hits you. Grinder gestures at you. Pain shoots through your body!
The kobold barely misses you. Grinder hits you.
You writhe in agony.
The kobold barely misses you. Grinder hits you!
You writhe in agony.
* * * LOW HITPOINT WARNING * * *
The kobold hits you but does no damage. Grinder hits you but does no damage.
The kobold hits you.
* * * LOW HITPOINT WARNING * * *
Grinder gestures at you. Pain shoots through your body!
You die...

#<...# #.#
###[#####..#
#..### #.#
#)..####..
#...### #.#
###..# ###
#.#...# #(#
##.#
#.###.## #.#
#.# ## #.#
#..# #.#
#.## #. #.#
##.#####.#
#..# #. #.
#......5#
##.###. ##
#######@#
######.##..
#K#
#.........#
#r#
#..####.####
#.. #.# #.#
#.# #.# #.#
... #.# #.#
#.. ###


You could see Grinder, a kobold and a rat.

Vanquished Creatures
  Sigmund (D:3)
  2 adders (D:2)
  An ooze (D:1)
  2 worms
  6 bats
  3 giant cockroaches
  16 hobgoblins
  3 kobolds
  A ball python (D:1)
  6 giant newts
  6 goblins
  3 jackals (D:1)
  2 rats (D:2)
52 creatures vanquished.

Notes
Turn   | Place    | Note
--------------------------------------------------------------
     0 | D:1      | Eucla the Draconian Berserker began the quest for the Orb.
     0 | D:1      | Reached XP level 1. HP: 19/19 MP: 1/1
   206 | D:1      | Reached XP level 2. HP: 26/26 MP: 2/2
   586 | D:2      | Reached XP level 3. HP: 25/33 MP: 3/3
   587 | D:2      | Reached ** piety under Trog
   845 | D:2      | Found a shadowy altar of Dithmenos.
   949 | D:2      | Reached skill level 4 in Fighting
   949 | D:2      | Reached XP level 4. HP: 18/40 MP: 4/4
   967 | D:2      | Found a shattered altar of Ashenzari.
   993 | D:2      | Found a glowing silver altar of Zin.
  1045 | D:2      | Found a deep blue altar of Sif Muna.
  1195 | D:3      | Found a bloodstained altar of Trog.
  1239 | D:3      | Found a stormy altar of Qazlal.
  1239 | D:3      | Noticed Sigmund
  1249 | D:3      | Killed Sigmund
  1249 | D:3      | Reached XP level 5. HP: 47/47 MP: 5/5
  1342 | D:3      | Noticed Grinder
  1349 | D:3      | Paralysed by Grinder for 7 turns
  1354 | D:3      | Killed from afar by Grinder

Action                   |  1- 3 |  4- 6 || total
-------------------------+-------+-------++-------
Melee: Hand axe          |   132 |    26 ||   158
Invok: Berserk           |     1 |     1 ||     2
 Stab: Sleeping          |       |     1 ||     1
  Eat: Chunk             |     1 |     3 ||     4
